 Dungeon Crawl Stone Soup version 0.23.2-1-ga50397a (webtiles) character file.

Game seed: 3384813769578491979

4 kaladindcss the Thaumaturge (level 1, 0/13 HPs)
             Began as a Gnoll Wanderer on May 19, 2019.
             Slain by a hobgoblin
             ... wielding a +0 club
              (2 damage)
             ... on level 1 of the Dungeon.
             The game lasted 00:04:06 (372 turns).

kaladindcss the Thaumaturge (Gnoll Wanderer)         Turns: 372, Time: 00:04:07

Health: 0/13       AC:  4    Str: 13    XL:     1   Next: 60%
Magic:  12/12      EV: 10    Int: 14    God:
Gold:   48         SH:  0    Dex: 15    Spells: 21/22 levels left

rFire    . . .     SeeInvis .   a - +0 blowgun
rCold    . . .     Gourm    .   (no shield)
rNeg     . . .     Faith    .   d - +0 leather armour (curse)
rPois    .         Spirit   .   (no helmet)
rElec    .         Reflect  .   (no cloak)
rCorr    .         Harm     .   h - +0 pair of gloves
MR       .....                  (no boots)
Stlth    +.........             (no amulet)
HPRegen  0.04/turn              (no ring)
MPRegen  0.13/turn              (no ring)

@: no status effects
A: distributed training, fangs 1, strong nose
a: no special abilities


You were on level 1 of the Dungeon.
You were not hungry.

You visited 1 branch of the dungeon, and saw 1 of its levels.

You collected 48 gold pieces.

Inventory:

Hand Weapons
 a - a +0 blowgun (weapon)
Armour
 d - a cursed +0 leather armour (worn)
 e - a +0 robe
 h - a +0 pair of gloves (worn)
 m - a +1 ring mail of poison resistance
Scrolls
 g - 2 scrolls of amnesia
Potions
 b - a potion of lignification
 k - 2 potions of magic {unknown}
Comestibles
 f - a ration


   Skills:
 + Level 0.0 Fighting
 + Level 0.0 Short Blades
 + Level 0.0 Long Blades
 + Level 0.0 Axes
 + Level 0.0 Maces & Flails
 + Level 0.0 Polearms
 + Level 0.0 Staves
 + Level 0.0 Slings
 + Level 0.0 Bows
 + Level 0.0 Crossbows
 + Level 2.3 Throwing
 + Level 0.0 Armour
 + Level 0.0 Dodging
 + Level 0.0 Stealth
 + Level 2.3 Shields
 + Level 0.0 Unarmed Combat
 + Level 11.1 Spellcasting
 + Level 0.0 Conjurations
 + Level 1.9 Hexes
 + Level 0.0 Charms
 + Level 0.0 Summonings
 + Level 0.0 Necromancy
 + Level 0.0 Translocations
 + Level 1.9 Transmutations
 + Level 1.9 Fire Magic
 + Level 0.0 Ice Magic
 + Level 0.0 Air Magic
 + Level 0.0 Earth Magic
 + Level 0.0 Poison Magic
 + Level 0.1 Invocations
 + Level 0.0 Evocations


You had 21 spell levels left.
You knew the following spells:

 Your Spells              Type           Power        Failure   Level  Hunger
a - Magic Dart            Conj           #...         12%         1    None

Your spell library contained the following spells:

 Spells                   Type           Power        Failure   Level  Hunger
 Slow                     Hex            ##......     8%          2    None
 Blink                    Tloc           N/A          17%         2    None
 Call Imp                 Summ           #.......     17%         2    None
 Conjure Flame            Conj/Fire      ##......     24%         3    None
 Mephitic Cloud           Conj/Pois/Air  #.......     34%         3    None


Dungeon Overview and Level Annotations

Branches:
Dungeon (1/15)

Altars:


Innate Abilities, Weirdness & Mutations

Your experience applies equally to all skills.
You have very sharp teeth.
Your uncanny sense of smell can sniff out nearby items.


Message History

The hobgoblin is moderately wounded.
The hobgoblin barely misses you.
You closely miss the hobgoblin. Your bite misses the hobgoblin.
The hobgoblin is moderately wounded.
The hobgoblin barely misses you.
You clumsily bash the hobgoblin but do no damage.
The hobgoblin is moderately wounded.
The hobgoblin barely misses you. x2
You clumsily bash the hobgoblin but do no damage.
You bite the hobgoblin, but do no damage.
The hobgoblin is moderately wounded.
The hobgoblin hits you with a +0 club.
* * * LOW HITPOINT WARNING * * *
You clumsily bash the hobgoblin but do no damage.
The hobgoblin is moderately wounded.
The hobgoblin hits you but does no damage.
You barely miss the hobgoblin. Your bite misses the hobgoblin.
The hobgoblin is moderately wounded.
The hobgoblin hits you with a +0 club.
You die...

##.########....#
***,,,,*,,,*,,,
......### ##...#
*,,,,,,*,,,*,,,
........## ##..#
*,,,**,,,,,*,,,
≈§≈≈≈§...## #..#
*,,,**,,,,,*,,,
≈≈≈§§≈§...# #..#
******,,,,,*,,,
...§..§≈..####.#
*,,,,,*,,,
##'##..≈...#
#.########*,,,,,*,,,
#...##§§§..#
#.#.....(#*,*,,,*,*,
#.<.##§≈§..#
#.#@g(.((#*,*,,,*,*,
#...##.≈§..#
#.#.)......,*,,,*,*,
#####..≈...#
#.####.....,*,,,*,*,
§.....≈≈..####.#
*,,....,*,,,*,*,
§§.§≈≈≈...# #..#
*,,,.##,*,,,*,*,
§≈§≈§....## #.(#
*,,,,#*,**,,,,*,
§.......## ##..#
*,,,,**,*,,,,,*,
.§....### ##...#
*,,,,**,***,,,*,
###########....#
*,∆,,**,,,,,,,,,


You could see a hobgoblin.

Vanquished Creatures
  A giant cockroach (D:1)
  A kobold (D:1)
  A bat (D:1)
  A frilled lizard (D:1)
4 creatures vanquished.

Notes
Turn   | Place    | Note
-------+----------+-------------------------------------------
     0 | D:1      | Reached skill level 11 in Spellcasting
     0 | D:1      | kaladindcss the Gnoll Wanderer began the quest for the Orb.
     0 | D:1      | kaladindcss set off with the following items: a +0 blowgun,
                  | a potion of lignification, 9 poisoned needles, a +0 robe, a
                  | ration; and the following spell memorised: Magic Dart; and
                  | the following spells available to memorise: Slow, Blink,
                  | Call Imp, Conjure Flame, Mephitic Cloud
     0 | D:1      | Reached XP level 1. HP: 13/13 MP: 12/12
   372 | D:1      | Slain by a hobgoblin

Skill      XL: | |
---------------+-+-----
Spellcasting   | | 11.1
Throwing       | |  2.3
Shields        | |  2.3
Hexes          | |  1.9
Transmutations | |  1.9
Fire Magic     | |  1.9
Invocations    | |  0.1

Action                   || total
-------------------------++-------
Melee: Blowgun           ||    18
       Bite              ||     1
 Fire: Blowgun           ||    20
  Use: Scroll            ||     6
Armor: Leather armour    ||     6
Dodge: Dodged            ||    18
